 Dungeon Crawl Stone Soup version 0.30-a0-939-gc8157cb160 (webtiles) character file.

Game seed: 7477246885024366215

63246 Lobster4 the Thaumaturge (level 15, -3/112 HPs)
             Began as a Djinni Gladiator on Mar 25, 2023.
             Was a High Priest of Makhleb.
             Slain by a skeletal warrior
             ... wielding a +0 flail
              (11 damage)
             ... on level 12 of the Dungeon.
             The game lasted 01:41:47 (31444 turns).

Lobster4 the Thaumaturge (Djinni Gladiator)        Turns: 31444, Time: 01:41:47

Health: -3/112     AC: 12    Str: 13    XL:     15   Next: 49%
Gold:   1053       EV: 17    Int: 20    God:    Makhleb [*****.] SH: 14 Dex: 17

rFire   + + +      SeeInvis +    D - +10 spear of the Modern Visions {freeze, rN+ Int+5}
rCold   + . .      Faith    .    d - +3 warlock's mirror {omnireflect}
rNeg    + . .      Spirit   .    e - +3 leather armour {rC+}
rPois   ∞          Reflect  +    I - +2 hat {Will+}
rElec   .          Rampage  .    R - scarf {rC+ rF+}
rCorr   +                        m - +2 pair of gloves
Will    +++..                    (boots unavailable)
Stlth   +                        E - amulet of reflection
HPRegen 0.38/turn                k - ring of willpower
MPRegen 0.00/turn                c - ring "Faodes" {rCorr SInv}

@: about to teleport, on berserk cooldown, flying, slowed, studying Axes, very
slow
A: sickness immunity, fire resistance 2, cold vulnerability 1, float, innate
caster, HP casting, extra vitality 1
a: Renounce Religion, Minor Destruction, Lesser Servant of Makhleb, Major
Destruction, Greater Servant of Makhleb


You were on level 12 of the Dungeon.
You worshipped Makhleb.
Makhleb was extremely pleased with you.
You visited 4 branches of the dungeon, and saw 20 of its levels.
You also visited: Ossuary.

You collected 2300 gold pieces.
You spent 1247 gold pieces at shops.

Inventory:

Hand Weapons
 a - a +1 rapier of protection
 b - a +3 antimagic dagger
 h - the +6 mace "Wanueth" {heavy, rPois Str+3}
   (You bought it in a shop on level 2 of the Orcish Mines)

   Str:       It affects your strength (+3).
   rPois:     It protects you from poison.
 u - a +0 sling
 D - the +10 spear of the Modern Visions (weapon) {freeze, rN+ Int+5}
   (You bought it in a shop on level 2 of the Orcish Mines)

   Int:       It affects your intelligence (+5).
   rN:        It protects you from negative energy.
 O - a +2 war axe
 Q - a +2 dagger of venom
Missiles
 g - 3 javelins (quivered)
 C - 25 poisoned darts
 P - 5 curare-tipped darts
Armour
 d - the +3 warlock's mirror (worn) {omnireflect}
   (You found it on level 11 of the Dungeon)

   Omnireflect: It can block and reflect piercing ranged attacks and magical
   attacks against the wielder's willpower.
 e - a +3 leather armour of cold resistance (worn)
 m - a +2 pair of gloves (worn)
 I - a +2 hat of willpower (worn)
 L - +0 steam dragon scales
 R - a scarf of resistance (worn)
Jewellery
 c - the ring "Faodes" (right hand) {rCorr SInv}
   (You found it on level 2 of the Lair of Beasts)

   [ring of see invisible]

   SInv:      It lets you see invisible.
   rCorr:     It protects you from acid and corrosion.
 k - a ring of willpower (left hand)
 v - a ring of wizardry
 y - a ring of fire
 E - an amulet of reflection (around neck)
 T - a ring of ice
Wands
 s - a wand of digging (7)
 J - a wand of polymorph (3)
 S - a wand of flame (13)
Scrolls
 f - 4 scrolls of teleportation
 i - 3 scrolls of enchant weapon
 l - 5 scrolls of enchant armour
 n - 2 scrolls of magic mapping
 q - 6 scrolls of fog
 x - 3 scrolls of immolation
 B - a scroll of blinking
 G - 5 scrolls of identify
 K - 3 scrolls of brand weapon
 N - a scroll of silence
Potions
 j - 2 potions of resistance
 o - 5 potions of ambrosia
 r - 2 potions of lignification
 t - 4 potions of mutation
 w - 2 potions of cancellation
 z - a potion of heal wounds
 A - 3 potions of curing
 M - a potion of haste
Miscellaneous
 H - a phial of floods
 U - a condenser vane (inert)


   Skills:
 + Level 11.8 Fighting
 - Level 7.0 Short Blades
 + Level 2.1 Axes
 - Level 4.0 Throwing
 + Level 9.6 Armour
 - Level 10.0 Dodging
 - Level 7.0 Shields
 * Level 12.6 Spellcasting
 - Level 3.0 Invocations
 - Level 3.0 Evocations


You knew the following spells:

 Your Spells              Type           Power      Damage    Failure   Level
a - Foxfire               Conj/Fire      100%       2x1d9     1%          1
b - Passwall              Tmut/Erth      49%        N/A       1%          2
c - Vhi's Electric Charg  Tloc/Air       100%       N/A       1%          3
d - Animate Dead          Necr           59%        N/A       1%          4
e - Leda's Liquefaction   Hex/Erth       29%        N/A       1%          4
f - Metabolic Englaciati  Hex/Ice        29%        N/A       1%          5
g - Dispersal             Tloc           29%        N/A       7%          6
Your spell library was empty.

Dungeon Overview and Level Annotations

Branches:
Dungeon (12/15)            Temple (1/1) D:5            Lair (5/5) D:10
 Shoals (0/4) Lair:2       Spider (0/4) Lair:3        Slime (0/5) Lair:5
    Orc (2/2) D:10            Elf (0/3) Orc:2       Ossuary (visited)

Altars:
Ashenzari
Cheibriados
Dithmenos
Elyvilon
Fedhas
Gozag
Hepliaklqana
Makhleb
Nemelex Xobeh
Okawaru
Qazlal
Ru
Trog
Uskayaw
Wu Jian
Xom
Yredelemnul
Zin
The Shining One
Jiyva

Shops:
D:1 ?   D:3 *   D:5 [   Orc:2 :(*!

Annotations:
D:8 Newt's ghost, journeyman KoHu
Lair:5 2 runed translucent doors, 1 exclusion


Innate Abilities, Weirdness & Mutations

You are immune to sickness and miasma.
You are immune to poison.
Your flesh is very heat resistant. (rF++)
You are vulnerable to cold. (rC-)
You float through the air rather than walking.
You learn spells naturally, not from books.
Your magical power is your life essence.
You have superior vitality. (+4 MHP)


Message History

You block the skeletal warrior's attack.
You barely miss the skeletal warrior.
The skeletal warrior is severely damaged.
The skeletal warrior hits you with a +0 flail!
* * * LOW HITPOINT WARNING * * *
You puncture the skeletal warrior! You freeze the skeletal warrior.
The skeletal warrior is almost destroyed.
The skeletal warrior barely misses you.
You barely miss the skeletal warrior.
The skeletal warrior is almost destroyed.
You closely miss the skeletal warrior.
The skeletal warrior is almost destroyed.
You block the skeletal warrior's attack.
You hit the skeletal warrior.
The skeletal warrior is almost destroyed.
The skeletal warrior completely misses you.
You hit the skeletal warrior but do no damage.
The skeletal warrior is almost destroyed.
You block the skeletal warrior's attack.
You hit the skeletal warrior.
The skeletal warrior is almost destroyed.
You are no longer berserk.
You are exhausted.
You feel yourself slow down.
You barely miss the skeletal warrior.
The skeletal warrior is almost destroyed.
The skeletal warrior barely misses you.
The skeletal warrior hits you with a +0 flail!
* * * LOW HITPOINT WARNING * * *
You feel much better.
The skeletal warrior hits you but does no damage.
As you read the scroll of teleportation, it crumbles to dust.
You feel strangely unstable.
The skeletal warrior hits you with a +0 flail!
* * * LOW HITPOINT WARNING * * *
The skeletal warrior hits you with a +0 flail!
* * * LOW HITPOINT WARNING * * *
The skeletal warrior attacks as you move away!
The skeletal warrior hits you with a +0 flail!
You die...

#... #..# #..# #..# #..# #..#
#..######## #.........#####
#.#####.....@.# #.# #....z..# #.#
#.......############### #.#
#.....[(..............#
#####.#####.......#############.#
#.§...#..................# #Z#
..###.#.###.......######.######Z#
........###.)..#####. .........#
.....................# #.######..


You could see a skeletal warrior.

Vanquished Creatures
  Gastronok (Lair:2)
  An orc warlord (Orc:2)
  Nessos (Orc:2)
  Snorg (D:10)
  Josephine (Orc:2)
  Harold (D:10)
  A hydra (Lair:2)
  Fannar (Lair:1)
  Erica (D:10)
  A two-headed ogre (Orc:1)
  2 orc high priests (Orc:2)
  Sonja (D:10)
  A fire crab (Lair:5)
  A skeletal warrior (D:12)
  2 skysharks (Lair:2)
  8 wizards (D:11)
  A deep elf pyromancer (D:12)
  An oklob plant (Lair:2)
  A lindwurm (Lair:5)
  3 orc knights
  An ugly thing (D:8)
  10 orc sorcerers
  7 cyclopes
  3 elephants (Lair:4)
  3 black mambas
  Joseph (D:10)
  A merfolk siren (Lair:2)
  6 cane toads
  A molten gargoyle (Lair:5)
  A gargoyle (D:12)
  An unseen horror (D:12)
  A rime drake (Lair:4)
  5 komodo dragons
  7 trolls
  The ghost of diodin the Ruffian, an amateur NaTm (D:4)
  A hornet (D:9)
  2 polar bears (Lair:5)
  28 blink frogs
  8 saltlings
  4 shadows
  10 wraiths
  9 wyverns
  3 vampires
  20 yaks
  4 basilisks
  3 steam dragons
  3 vampire mosquitoes (D:8)
  An acid dragon (D:12)
  4 wargs
  3 hell hounds
  12 water moccasins
  A black bear (D:6)
  15 orc warriors
  3 ice beasts
  2 ogres
  9 centaurs
  7 wolves
  2 phantoms (D:5)
  9 bullfrogs
  A gnoll sergeant (D:10)
  3 water moccasin zombies (Ossuary)
  A scorpion (D:5)
  7 wights (D:9)
  17 killer bees
  A centaur zombie (D:4)
  4 electric eels
  3 howler monkeys
  A crimson imp (D:10)
  2 bullfrog zombies (D:4)
  8 hounds
  3 jellies
  3 gnoll boudas
  8 orc priests
  An iguana (D:5)
  3 sleepcaps
  Terence (D:3)
  21 orc wizards
  3 mummies
  7 adders
  27 gnolls
  A shadow imp (D:7)
  5 white imps
  2 ufetubi
  6 adder zombies (Ossuary)
  3 worms (D:2)
  A dart slug (D:2)
  56 orcs
  6 endoplasms
  9 giant cockroaches
  4 gnoll zombies (Ossuary)
  5 goblins
  6 hobgoblins
  2 jackals (D:1)
  8 kobolds
  3 quokkas
  7 ball pythons
  9 bats
  4 frilled lizards
  3 hobgoblin zombies (Ossuary)
  2 kobold zombies (Ossuary)
  5 orc zombies (Ossuary)
  4 rats
  A foxfire (D:8)
520 creatures vanquished.

Vanquished Creatures (collateral kills)
  2 hydras
  A skyshark (Lair:5)
  A lindwurm (Lair:3)
  3 elephants (Lair:4)
  2 black mambas
  A komodo dragon (Lair:2)
  A rime drake (Lair:3)
  A cane toad (Lair:3)
  2 polar bears
  A troll (Orc:2)
  5 yaks
  A vampire (D:12)
  A redback (Lair:3)
  A steam dragon (Lair:5)
  A water moccasin (Lair:3)
  A wolf (Lair:1)
  42 foxfires
  A pillar of salt (Orc:2)
68 creatures vanquished.

Vanquished Creatures (others)
  An unseen horror zombie (D:12)
  A cane toad zombie (Lair:5)
  2 elephant zombies (Lair:4)
  5 blink frog zombies
  A kobold brigand (D:8)
  A rime drake zombie (Lair:4)
  2 cyclops zombies (Orc:2)
  A water moccasin zombie (Lair:4)
  2 wyvern zombies (Lair:5)
  4 yak zombies (Lair:5)
  A troll zombie (Orc:2)
  A polar bear zombie (Lair:5)
  An electric eel (D:10)
  2 wolf zombies (Lair:1)
  4 centaur zombies (D:12)
  2 bullfrog zombies
  2 hound zombies (D:10)
  A steam dragon zombie (Lair:5)
  21 orc zombies
  A bush (Lair:5)
  3889 foxfires
  49 fungi
  13 pillars of salt (Orc:2)
  49 plants
4056 creatures vanquished.

Grand Total: 4644 creatures vanquished

Notes
Turn   | Place    | Note
-------+----------+-------------------------------------------
     0 | D:1      | Lobster4 the Djinni Gladiator began the quest for the Orb.
     0 | D:1      | Reached XP level 1. HP: 18/18 MP: 0/0
    29 | D:1      | Reached XP level 2. HP: 23/23 MP: 0/0
   263 | D:1      | Found Tyedghemm's Magic Scroll Shoppe.
   323 | D:1      | Reached XP level 3. HP: 26/28 MP: 0/0
   323 | D:1      | Learned a level 1 spell: Foxfire
   638 | D:1      | Reached skill level 1 in Armour
   953 | D:2      | Reached XP level 4. HP: 32/33 MP: 0/0
  1197 | D:2      | Found a sparkling altar of Nemelex Xobeh.
  1474 | D:2      | Reached XP level 5. HP: 36/39 MP: 0/0
  1474 | D:2      | Learned a level 2 spell: Passwall
  1479 | D:2      | Reached skill level 1 in Spellcasting
  2385 | D:3      | Found a blossoming altar of Fedhas.
  2755 | D:3      | Reached XP level 6. HP: 37/45 MP: 0/0
  2788 | D:3      | Noticed Terence
  2803 | D:3      | Killed Terence
  3146 | D:3      | Found Etytz's General Store.
  3154 | D:3      | Bought a scroll of noise for 12 gold pieces
  3157 | D:3      | Bought a potion of curing for 36 gold pieces
  3321 | D:1      | Bought a scroll of magic mapping for 75 gold pieces
  3321 | D:1      | Bought a scroll of identify for 20 gold pieces
  3321 | D:1      | Bought a scroll of identify for 20 gold pieces
  3321 | D:1      | Bought a scroll of identify for 20 gold pieces
  4016 | D:4      | Found a runed translucent gate.
  4016 | D:4      | Found a runed translucent gate.
  4017 | D:4      | Found a runed translucent gate.
  4018 | D:4      | Noticed diodin's ghost (amateur NaTm)
  4028 | D:4      | Noticed an ogre
  4077 | D:4      | Killed an ogre
  4138 | D:4      | Reached skill level 2 in Spellcasting
  4166 | D:4      | Reached XP level 7. HP: 42/50 MP: 0/0
  4166 | D:4      | Learned a level 3 spell: Vhi's Electric Charge
  5066 | D:5      | Entered Level 5 of the Dungeon
  5066 | D:5      | Noticed a water moccasin
  5083 | D:4      | Killed a water moccasin
  5578 | D:5      | Reached XP level 8. HP: 48/58 MP: 0/0
  5651 | D:5      | Reached skill level 3 in Spellcasting
  5778 | D:1      | Bought a scroll of teleportation for 30 gold pieces
  5958 | D:5      | Reached skill level 5 in Dodging
  6103 | D:5      | Found Daiwoa's Armour Shoppe.
  6356 | D:5      | Found a staircase to the Ecumenical Temple.
  6365 | Temple   | Entered the Ecumenical Temple
  7081 | D:6      | Reached skill level 1 in Shields
  7961 | D:6      | Reached XP level 9. HP: 32/63 MP: 0/0
  7961 | D:6      | Learned a level 4 spell: Animate Dead
  8096 | D:5      | Reached skill level 4 in Spellcasting
  8352 | D:6      | Found a basalt altar of Yredelemnul.
  9054 | D:5      | Bought a +0 buckler for 58 gold pieces
  9146 | D:7      | Found a sand-covered staircase.
  9169 | Ossuary  | Entered an ossuary
  9421 | Ossuary  | Reached skill level 1 in Evocations
  9879 | D:7      | Reached skill level 5 in Fighting
 10539 | D:7      | Reached skill level 5 in Spellcasting
 10539 | D:7      | Reached XP level 10. HP: 70/70 MP: 0/0
 10834 | D:8      | Noticed a red ugly thing
 10955 | D:8      | Reached skill level 5 in Armour
 11031 | D:8      | Killed a red ugly thing
 11830 | D:8      | Found a large runed translucent door.
 11830 | D:8      | Found a large runed translucent door.
 11888 | D:8      | Noticed Newt's ghost (journeyman KoHu)
 12077 | D:9      | Reached skill level 5 in Short Blades
 12151 | D:9      | Reached skill level 6 in Spellcasting
 12866 | D:9      | Reached XP level 11. HP: 42/76 MP: 0/0
 12866 | D:9      | Learned a level 4 spell: Leda's Liquefaction
 13012 | D:9      | Found a sacrificial altar of Ru.
 13016 | D:9      | Found a sparkling altar of Nemelex Xobeh.
 13022 | D:9      | Found a bloodstained altar of Trog.
 13022 | D:9      | Found an opulent altar of Gozag.
 13022 | D:9      | Found an ornate altar of the Wu Jian Council.
 13023 | D:9      | Found a white marble altar of Elyvilon.
 13025 | D:9      | Found a glowing golden altar of the Shining One.
 13301 | D:9      | Reached skill level 5 in Shields
 14021 | D:10     | Entered Level 10 of the Dungeon
 14530 | D:9      | Reached skill level 7 in Spellcasting
 14745 | D:10     | Noticed Sonja
 14758 | D:10     | Killed Sonja
 14903 | D:10     | Noticed Erica
 14918 | D:10     | Killed Erica
 14948 | D:10     | Noticed Harold
 14976 | D:10     | Killed Harold
 14993 | D:10     | Noticed Joseph
 15445 | D:11     | Noticed a wizard
 15459 | D:11     | Killed a wizard
 15544 | D:11     | Noticed a wizard
 15547 | D:11     | Killed a wizard
 15548 | D:11     | Reached XP level 12. HP: 85/85 MP: 0/0
 15672 | D:10     | Found a staircase to the Orcish Mines.
 15724 | D:10     | Killed Joseph
 16121 | D:10     | Found a staircase to the Lair.
 16398 | D:10     | Found a burning altar of Makhleb.
 16472 | D:10     | Became a worshipper of Makhleb the Destroyer
 16491 | Lair:1   | Entered Level 1 of the Lair of Beasts
 16501 | Lair:1   | Noticed Fannar
 16622 | D:5      | Bought a scarf of resistance for 416 gold pieces
 16857 | Orc:1    | Entered Level 1 of the Orcish Mines
 16862 | Orc:1    | Noticed Snorg
 16865 | Orc:1    | Noticed a sixfirhy
 17121 | D:10     | Killed Snorg
 17122 | D:10     | Reached skill level 8 in Spellcasting
 17708 | D:11     | Found the +3 warlock's mirror {omnireflect}
 18465 | Orc:1    | Reached * piety under Makhleb
 18807 | Orc:2    | Entered Level 2 of the Orcish Mines
 18807 | Orc:2    | Noticed an orc high priest
 18882 | Orc:2    | Reached skill level 9 in Spellcasting
 19046 | Orc:2    | Killed an orc high priest
 19047 | Orc:2    | Reached XP level 13. HP: 38/93 MP: 0/0
 19047 | Orc:2    | Learned a level 5 spell: Metabolic Englaciation
 19971 | Orc:2    | Reached ** piety under Makhleb
 20187 | Lair:1   | Killed Fannar
 21309 | Lair:2   | Reached skill level 1 in Invocations
 21469 | Lair:2   | Reached skill level 10 in Spellcasting
 21727 | Lair:2   | You are sucked into a shaft and drop 1 floor!
 21762 | Lair:3   | Noticed Gastronok
 21763 | Lair:3   | Noticed a seven-headed hydra
 22106 | Lair:2   | Found a staircase to the Shoals.
 22263 | Lair:2   | Noticed a six-headed hydra
 22272 | Lair:2   | Killed a six-headed hydra
 22336 | Lair:2   | Reached skill level 10 in Dodging
 22434 | Lair:2   | Killed Gastronok
 22817 | Lair:2   | Identified the ring "Faodes" {rCorr SInv}
 23525 | Lair:3   | Reached XP level 14. HP: 93/102 MP: 0/0
 23543 | Lair:3   | Reached skill level 10 in Fighting
 23587 | Lair:3   | Reached *** piety under Makhleb
 23829 | Lair:3   | Found a hole to the Spider Nest.
 24653 | Lair:4   | Reached skill level 11 in Spellcasting
 25523 | Lair:5   | Entered Level 5 of the Lair of Beasts
 25861 | Lair:5   | Reached **** piety under Makhleb
 25991 | Lair:5   | Found a staircase to the Slime Pits.
 25991 | Lair:5   | Found a viscous altar of Jiyva.
 26983 | Lair:5   | Found a large runed translucent door.
 26984 | Lair:5   | Found a large runed translucent door.
 27279 | D:4      | Killed diodin's ghost
 27378 | D:5      | Found Daiwoa's Armour Shoppe.
 28012 | Orc:2    | Found a staircase to the Elven Halls.
 28041 | Orc:2    | Noticed Nessos
 28102 | Orc:2    | Noticed Josephine
 28560 | Orc:2    | Reached skill level 12 in Spellcasting
 28560 | Orc:2    | Reached XP level 15. HP: 106/111 MP: 0/0
 28560 | Orc:2    | Learned a level 6 spell: Dispersal
 28681 | Orc:2    | Killed Josephine
 29321 | Orc:2    | Killed Nessos
 29437 | Orc:2    | Noticed an orc warlord
 29438 | Orc:2    | Found Anlagayrph's Antique Weapon Boutique.
 29439 | Orc:2    | Killed an orc warlord
 29934 | Orc:2    | Reached ***** piety under Makhleb
 30437 | Orc:2    | Found Piuqithri's General Store.
 30439 | Orc:2    | Found Iqacs's Distillery.
 30509 | Orc:2    | Found Toykem's Book Shoppe.
 30546 | Orc:2    | Bought a dazzling mace for 280 gold pieces
 30546 | Orc:2    | Identified the +6 mace "Wanueth" {heavy, rPois Str+3} (You
                  | bought it in a shop on level 2 of the Orcish Mines)
 30546 | Orc:2    | Bought a jewelled spear for 280 gold pieces
 30546 | Orc:2    | Identified the +10 spear of the Modern Visions {freeze, rN+
                  | Int+5} (You bought it in a shop on level 2 of the Orcish
                  | Mines)
 30877 | D:12     | Reached skill level 1 in Axes
 31444 | D:12     | Slain by a skeletal warrior

Illustrated notes

Levels and vault maps discovered:
D:1:      lemuel_arrival_broad_hall, layout_loops_corners, serial_shops,
          nicolae_diamond_shop, minmay_vboxes
D:2:      layout_basic, basic_altar, minmay_tromino_v4_b
D:3:      layout_basic, mainiacjoe_overflow_boulevard, serial_shops,
          nicolae_shop_crystal, uniq_terence
D:4:      layout_basic, gammafunk_ghost_necromancy
D:5:      layout_loops_ring, temple_green, serial_shops, shop
D:6:      layout_basic, lemuel_coloured_pillars_altar
D:7:      layout_loops_cross, gup_ossuary_entry_pyramid, minivault_22,
          minmay_circle_x
D:8:      layout_rooms, ebering_ghost_disaster_area, minmay_manual_monstrance
D:9:      layout_layer_cave, minitemple
D:10:     layout_long_grid, lemuel_round_altar, erik_lair_island, david_orc_3,
          minmay_fire_ice_demons, uniq_erica, uniq_harold, uniq_sonja,
          uniq_joseph
D:11:     minmay_smoke_and_mirrors, layout_stronghold
D:12:     layout_loops_ring, serial_undead, serial_undead_e, serial_undead_d,
          serial_undead_b, serial_undead_f
Temple:   nicolae_temple_godzebo
Lair:1:   layout_cave_pods, chequers_serial_rivers_small_a, uniq_fannar
Lair:2:   layout_roguey, elwin_shoals_entry_rooms, serial_bayou_shore_a,
          serial_bayou_shore_b
Lair:3:   layout_gridlike, spider_nest_entry_rubble, uniq_gastronok
Lair:4:   layout_cave_pods
Lair:5:   cheibrodos_lair_end_hotspot, layout_loops_ring, slime_entry_1
Orc:1:    layout_caves, uniq_snorg
Orc:2:    hellmonk_orc_salted, layout_caves, basic_altar, uniq_josephine,
          uniq_nessos

Skill      XL: |  1  2  3  4  5  6  7  8  9 10 11 12 13 14 15 |
---------------+----------------------------------------------+-----
Short Blades   | 3 4 5 6 7 |  7.0
Armour         | 1 2 3 4 5 6 8 9 |  9.6
Throwing       | 2 3 4 |  4.0
Spellcasting   | 1 2 3 5 6 7 9 10 12 | 12.6
Dodging        | 4 5 6 7 8 10 | 10.0
Fighting       | 3 4 5 6 7 8 9 11 | 11.8
Shields        | 1 3 4 6 7 |  7.0
Evocations     | 2 3 |  3.0
Invocations    | 3 |  3.0
Axes           | 2 |  2.1

Action                     |  1- 3 |  4- 6 |  7- 9 | 10-12 | 13-15 || total
---------------------------+-------+-------+-------+-------+-------++-------
  Melee: Rapier            |    70 |   145 |   216 |   157 |   570 ||  1158
         Punch             |     1 |     1 |       |       |       ||     2
         Dagger            |       |       |    37 |       |       ||    37
         Spear             |       |       |       |       |   131 ||   131
  Throw: Throwing net      |     2 |     1 |     6 |     2 |     1 ||    12
         Javelin           |     2 |       |       |     6 |     3 ||    11
         Stone             |     1 |       |     1 |       |       ||     2
         Dart              |       |       |       |    11 |    27 ||    38
   Cast: Foxfire           |     4 |   105 |   380 |   716 |  1069 ||  2274
         Passwall          |       |     1 |     5 |     1 |       ||     7
         Vhi's Electric Ch |       |       |       |     3 |     2 ||     5
         Animate Dead      |       |       |       |     6 |    29 ||    35
         Leda's Liquefacti |       |       |       |     1 |       ||     1
         Metabolic Englaci |       |       |       |       |     6 ||     6
  Evoke: Wand              |       |       |       |     8 |    16 ||    24
         Phial of floods   |       |       |       |     1 |     2 ||     3
         Condenser vane    |       |       |       |       |     2 ||     2
    Use: Scroll            |       |     6 |    19 |    11 |    11 ||    47
         Potion            |       |       |     3 |     7 |    13 ||    23
   Stab: Sleeping          |     1 |     1 |     1 |       |       ||     3
         Distracted        |       |       |       |     1 |     4 ||     5
         Invisible         |       |       |       |     1 |       ||     1
         Petrified         |       |       |       |       |     2 ||     2
 Armour: Leather armour    |    22 |    60 |   122 |    97 |   272 ||   573
  Dodge: Dodged            |    37 |   114 |   273 |   211 |   638 ||  1273
  Block: Buckler           |       |       |    97 |   254 |   870 ||  1221
         Reflection        |       |       |     1 |    14 |    29 ||    44
         Other             |       |       |     1 |       |       ||     1

Table legend: (Time is in decaauts)
 A = Elapsed time spent in this place.
 B = Non-inter-level travel time spent in this place.
 C = Inter-level travel time spent in this place.
 D = Time resting spent in this place.
 E = Time spent auto-exploring this place.
 F = Levels seen in this place.
 G = Mean time per level.
                   A        B        C        D        E       F      G
               +--------+--------+--------+--------+--------+-----+--------+
         Total |  31539 |  28955 |   2584 |   6600 |  15124 |  21 | 1501.9 |
       Dungeon |  19497 |  17573 |   1924 |   3724 |   9929 |  12 | 1624.8 |
        Temple |    115 |     92 |     23 |      0 |     79 |   1 |  115.0 |
          Lair |   6961 |   6484 |    477 |   1072 |   3678 |   5 | 1392.2 |
  Orcish Mines |   4514 |   4355 |    159 |   1631 |   1353 |   2 | 2257.0 |
       Ossuary |    450 |    450 |      0 |    172 |     85 |   1 |  450.0 |
               +--------+--------+--------+--------+--------+-----+--------+

Top non-repeatable levels by time:
   Orc:2: 3223 daAuts
    D:10: 2297 daAuts
     D:9: 2228 daAuts
     D:5: 2043 daAuts
     D:6: 1830 daAuts
     D:8: 1797 daAuts
  Lair:2: 1770 daAuts
     D:4: 1750 daAuts
    D:11: 1603 daAuts
     D:2: 1434 daAuts
     D:7: 1405 daAuts
  Lair:4: 1374 daAuts
  Lair:3: 1293 daAuts
   Orc:1: 1290 daAuts
  Lair:5: 1277 daAuts
